Map: Cresta di Lerilak

Players

Mørtebianca

  • Race: Zerg Zerg
  • League: Diamond

TNT

  • Race: Zerg Zerg
  • League: Diamond

Jhyrachy

  • Race: Protoss Protoss
  • League: Silver

Zlayer

  • Race: Protoss Protoss

VOD

Have the link to the VOD?

Description

Time

  • Played on: Dec. 3, 2015, 6:01 p.m.
  • Length: 11:57
Show
View Real Time Build Order
Export as new Build Order

Mørtebianca Zerg 

Build Orders: Hatch First 

Get SALT Encoding   

  12  0:02  Drone  
  13  0:15  Drone  
  13  0:16  Overlord  
  14  0:35  Drone x2  
  16  0:37  Drone  
  17  0:57  Drone  
  17  0:58  Hatchery  
  17  1:01  Drone  
  18  1:17  Spawning Pool  
  18  1:18  Drone  
  18  1:38  Hatchery  
  17  1:49  Drone x3  
  20  1:59  Overlord  
  20  2:05  Extractor  
  19  2:08  Queen  
  21  2:18  Drone x2  
  23  2:40  Zergling x8  
  27  2:56  Zergling x2  
  27  2:57  Zergling x8  
  32  2:59  Queen  
  32  3:03  Overlord  
  34  3:13  Drone x3  
  34  3:19  Drone x3  
  40  3:23  Drone x2  
  40  3:26  Drone  
  43  3:29  Drone  
  44  3:34  Overlord  
  44  3:40  Drone x3  
  47  3:44  Drone  
  47  3:47  Overlord  
  48  3:55  Drone x5  
  53  4:10  Drone x3  
  53  4:13  Metabolic Boost  
  53  4:14  Extractor, Drone x3  
  53  4:15  Overlord  
  53  4:17  Overlord  
  57  4:26  Drone  
  57  4:29  Drone x2  
  57  4:30  Hatchery, Drone  
  60  4:31  Drone  
  60  4:36  Drone  
  60  4:37  Drone x2  
  64  4:40  Queen  
  64  4:44  Evolution Chamber  
  64  4:49  Evolution Chamber  
  64  4:51  Roach Warren  
  62  4:55  Lair  
  62  4:57  Spore Crawler  
  61  5:02  Zergling x4  
  61  5:03  Zergling x8  
  61  5:05  Overlord  
  61  5:06  Extractor  
  66  5:08  Overlord  
  67  5:14  Drone x2  
  67  5:15  Drone, Extractor  
  67  5:16  Drone x2  
  70  5:21  Zerg Missile Weapons Level 1  
  70  5:25  Drone x2  
  70  5:26  Drone  
  70  5:27  Drone x2  
  75  5:39  Drone x2  
  77  5:45  Hatchery  
  77  5:49  Zerg Ground Armor Level 1  
  76  5:52  Drone  
  76  5:53  Drone x2  
  76  5:54  Extractor, Drone  
  76  5:55  Drone x4  
  76  5:56  Queen  
  85  6:01  Spore Crawler  
  85  6:02  Drone  
  85  6:03  Spine Crawler  
  84  6:09  Overlord x3  
  84  6:10  Overlord  
  84  6:13  Glial Reconstitution  
  84  6:24  Roach x5  
  94  6:34  Overlord, Pneumatized Carapace  
  94  6:35  Overlord x3  
  91  6:51  Ravager x4  
  91  6:52  Hydralisk Den  
  89  6:56  Ravager  
  89  7:02  Extractor  
  89  7:03  Drone x3  
  89  7:04  Drone x3  
  89  7:06  Spore Crawler  
  89  7:08  Drone x3  
  94  7:09  Spine Crawler  
  94  7:10  Roach x5  
  94  7:11  Roach x3  
  94  7:12  Overlord  
  109  7:22  Hydralisk x2  
  104  7:23  Hydralisk  
  101  7:35  Hydralisk x2  
  101  7:36  Hydralisk x2  
  106  7:40  Hydralisk  
  105  7:51  Hydralisk x3  
  105  7:52  Hydralisk  
  105  7:54  Hydralisk  
  110  8:03  Hydralisk x2  
  104  8:17  Hydralisk  
  104  8:18  Hydralisk x4  
  112  8:27  Drone x5  
  112  8:28  Drone x4  
  112  8:32  Overlord x3  
  119  8:36  Drone x4  
  119  8:37  Drone x2  
  123  8:43  Spore Crawler  
  123  8:44  Extractor, Queen  
  123  8:46  Muscular Augments  
  123  8:49  Zerg Missile Weapons Level 2  
  117  9:03  Spore Crawler  
  117  9:06  Hydralisk  
  117  9:07  Hydralisk x5  
  117  9:08  Hydralisk  
  128  9:19  Zerg Ground Armor Level 2  
  128  9:24  Burrow  
  128  9:28  Queen  
  130  9:34  Hydralisk x3  
  130  9:35  Zergling x2  
  130  9:36  Zergling x20  
  147  9:42  Roach x3  
  153  9:50  Overseer  
  145  10:04  Queen  
  147  10:07  Spine Crawler  
  147  10:08  Spine Crawler  
  147  10:14  Roach x6  
  147  10:18  Spine Crawler  
  147  10:21  Tunneling Claws  
  156  10:22  Lurker Den  
  156  10:30  Overlord  
  141  10:48  Overseer  
  141  10:49  Hydralisk  
  123  10:50  Hydralisk x11  
  123  10:53  Hydralisk x13  
  137  10:59  Roach  
  137  11:02  Queen  
  133  11:08  Overseer x3  
  131  11:21  Hydralisk  
  131  11:22  Hydralisk x5  
  143  11:27  Roach x3  
  143  11:28  Roach x2  
  143  11:39  Drone x2  
  146  11:40  Drone  
Show
View Real Time Build Order
Export as new Build Order

TNT Zerg 

Build Orders:  

Get SALT Encoding   

  12  0:02  Probe (Chrono Boost)  
  13  0:12  Probe (Chrono Boost)  
  14  0:18  Pylon  
  14  0:23  Probe (Chrono Boost)  
  15  0:36  Probe (Chrono Boost)  
  15  0:39  Gateway  
  16  0:46  Probe (Chrono Boost)  
  17  1:00  Probe (Chrono Boost)  
  18  1:18  Probe (Chrono Boost), Nexus  
  19  1:23  Assimilator  
  19  1:28  Probe (Chrono Boost)  
  20  1:36  Cybernetics Core  
  20  1:39  Probe (Chrono Boost)  
  21  1:47  Assimilator  
  21  1:50  Probe (Chrono Boost)  
  22  2:01  Probe (Chrono Boost)  
  23  2:07  Pylon  
  23  2:14  Pylon  
  23  2:26  Mothership Core (Chrono Boost)  
  25  2:32  Probe (Chrono Boost)  
  26  2:43  Probe (Chrono Boost)  
  28  2:44  Probe (Chrono Boost)  
  28  2:45  Stargate  
  27  2:54  Probe x2 (Chrono Boost)  
  29  3:02  Gateway  
  29  3:04  Probe (Chrono Boost), Gateway  
  30  3:07  Probe (Chrono Boost)  
  31  3:16  Pylon  
  31  3:17  Probe (Chrono Boost)  
  31  3:18  Probe (Chrono Boost)  
  33  3:23  Pylon  
  33  3:29  Phoenix (Chrono Boost)  
  33  3:31  Probe  
  33  3:32  Probe  
  37  3:40  Forge  
  37  3:47  Twilight Council  
  37  3:51  Probe  
  37  3:52  Probe  
  39  4:04  Pylon  
  39  4:05  Probe  
  39  4:07  Phoenix (Chrono Boost), Warp Gate (Chrono Boost)  
  39  4:09  Zealot (Chrono Boost)  
  42  4:13  Probe  
  45  4:23  Photon Cannon  
  46  4:24  Probe  
  46  4:25  Probe  
  46  4:28  Phoenix  
  47  4:34  Pylon  
  49  4:40  Probe x2  
  49  4:43  Assimilator  
  49  4:44  Assimilator  
  51  4:50  Phoenix  
  51  4:51  Blink  
  51  4:52  Probe x2  
  55  5:04  Probe x2  
  57  5:15  Phoenix  
  57  5:16  Probe x2  
  61  5:27  Pylon  
  61  5:28  Probe x2  
  62  5:33  Protoss Ground Weapons Level 1 (Chrono Boost)  
  63  5:36  Phoenix  
  63  5:40  Probe x2  
  67  5:48  Nexus  
  67  5:49  Pylon  
  67  5:50  Pylon  
  67  5:52  Probe  
  67  5:55  Probe  
  69  5:59  Phoenix  
  71  6:04  Probe  
  71  6:07  Probe  
  73  6:16  Probe  
  74  6:19  Probe  
  74  6:20  Stalker x2  
  74  6:21  Phoenix  
  74  6:22  Stalker  
  83  6:28  Probe  
  79  6:35  Photon Cannon x2  
  75  6:57  Probe x2  
  77  7:01  Phoenix  
  79  7:09  Probe x2  
  80  7:17  Probe  
  80  7:21  Probe x2  
  83  7:26  Stalker x2  
  83  7:27  Probe, Stalker  
  90  7:33  Probe x2  
  90  7:35  Photon Cannon  
  92  7:37  Photon Cannon, Pylon  
  92  7:38  Probe  
  92  7:43  Dark Shrine  
  93  7:45  Probe  
  94  7:57  Phoenix  
  94  7:58  Probe  
  92  7:59  Probe x2  
  92  8:03  Stalker x3  
  103  8:07  Protoss Ground Weapons Level 2 (Chrono Boost)  
  103  8:09  Assimilator  
  103  8:12  Pylon  
  97  8:29  Phoenix  
  99  8:37  Stalker x3  
  105  8:42  Probe  
  105  8:44  Probe x2  
  108  8:54  Pylon  
  108  8:56  Pylon x3  
  108  8:57  Gateway  
  108  8:59  Gateway  
  108  9:02  Gateway  
  108  9:04  Gateway x2  
  108  9:05  Gateway x2  
  108  9:06  Pylon x2  
  108  9:07  Gateway  
  108  9:10  Dark Templar x3  
  114  9:21  Probe  
  114  9:22  Probe x2  
  117  9:34  Probe  
  108  10:03  Dark Templar x3  
  112  10:07  Stalker  
  112  10:08  Stalker x5  
  112  10:11  Probe  
  112  10:13  Probe x2  
  127  10:17  Phoenix  
  129  10:22  Robotics Facility x2, Pylon x2  
  127  10:39  Phoenix  
  105  10:43  Dark Templar  
  105  10:44  Dark Templar x3  
  107  10:54  Dark Templar  
  107  10:55  Zealot x3  
  107  10:56  Zealot x2  
  115  11:01  Phoenix  
  115  11:02  Probe  
  115  11:04  Probe x2  
  118  11:14  Assimilator  
  118  11:22  Zealot x3  
  118  11:23  Zealot x5  
  118  11:24  Zealot  
  118  11:25  Nexus  
Show
View Real Time Build Order
Export as new Build Order

Jhyrachy Protoss 

Build Orders:  

Get SALT Encoding   

Show
View Real Time Build Order
Export as new Build Order

Zlayer Protoss 

Build Orders:  

Get SALT Encoding   

Tags
 
Add a new tag
Caveats
  • Supply blocks, unpowered buildings, or Contaminate may cause inaccurate times.
  • Supply counts are checked every 10 seconds.